 Dungeon Crawl Stone Soup version 0.29-a0-82-g837932c90e (webtiles) character file.

Game seed: 10606529091328994103

92 lordive the Ducker (level 4, -2/24 HPs)
             Began as a Spriggan Abyssal Knight on Feb 5, 2022.
             Was a Follower of Lugonu.
             Killed from afar by Blork the orc (7 damage)
             ... with a puff of frost
             ... on level 4 of the Dungeon.
             The game lasted 00:05:17 (3855 turns).

lordive the Ducker (Spriggan Abyssal Knight)        Turns: 3855, Time: 00:05:18

Health: -2/24      AC:  3    Str:  9    XL:     4   Next: 35%
Magic:  6/6        EV: 18    Int: 13    God:    Lugonu [*.....]
Gold:   166        SH:  0    Dex: 15    Spells: 3/3 levels left

rFire   . . .      SeeInvis +   a - +1 short sword
rCold   . . .      Faith    .   (no shield)
rNeg    . . .      Spirit   .   b - +0 robe
rPois   .          Reflect  .   (helmet restricted)
rElec   .          Harm     .   e - +0 cloak
rCorr   .          Rampage  .   (gloves unavailable)
Will    .....                   (boots unavailable)
Stlth   ++........              (no amulet)
HPRegen 0.08/turn               (no ring)
MPRegen 0.10/turn               (no ring)

@: very quick
A: very small, no large weapons, unfitting armour, see invisible, speed 3
a: Renounce Religion, Depart the Abyss


You were on level 4 of the Dungeon.
You worshipped Lugonu.
Lugonu was aware of your devotion.
You visited 1 branch of the dungeon, and saw 4 of its levels.
You visited the Abyss 1 time.

You collected 166 gold pieces.

Inventory:

Hand Weapons
 a - a +1 short sword (weapon)
Missiles
 o - 2 throwing nets
Armour
 b - a +0 robe (worn)
 e - a +0 cloak (worn)
Wands
 m - a wand of paralysis (5)
Scrolls
 c - 2 scrolls of teleportation {unknown}
 d - a scroll of torment {unknown}
 f - a scroll of holy word {unknown}
 j - a scroll of noise {unknown}
 k - a scroll of identify {unknown}
Potions
 g - a potion of heal wounds {unknown}
 h - a potion of berserk rage {unknown}
 i - a potion of curing {unknown}
 l - a potion of mutation {unknown}
 n - a potion of brilliance {unknown}


   Skills:
 + Level 3.4 Fighting
 + Level 3.2 Short Blades
 + Level 4.0 Dodging
 + Level 0.9 Stealth
 + Level 1.8 Invocations


You had 3 spell levels left.
You didn't know any spells.
Your spell library was empty.

Dungeon Overview and Level Annotations

Branches:
Dungeon (4/15)
 Temple: D:4-7

Altars:

Annotations:
D:4 Blork the orc


Innate Abilities, Weirdness & Mutations

You are very small and have problems with some larger weapons.
You are too small for most types of armour.
You have supernaturally acute eyesight. (SInv)
You cover ground extremely quickly. (Speed+++)


Message History

You hit Blork the orc.
Blork the orc is lightly wounded.
Blork the orc misses you.
You hit Blork the orc.
Blork the orc is lightly wounded.
Blork the orc misses you.
You hit Blork the orc.
Blork the orc is lightly wounded.
Blork the orc closely misses you.
You hit Blork the orc.
Blork the orc is lightly wounded.
Blork the orc barely misses you.
Unknown command.
You hit Blork the orc.
Blork the orc is moderately wounded.
You hear a shout!
A kobold comes into view. It is wielding a +0 club.
Blork the orc completely misses you.
You hit Blork the orc.
Blork the orc is moderately wounded.
Blork the orc hits you with a +0 battleaxe!
You hit Blork the orc but do no damage.
Blork the orc is moderately wounded.
Blork the orc barely misses you.
You hit Blork the orc.
Blork the orc is moderately wounded.
Blork the orc casts a cantrip, but nothing happens.
You hit Blork the orc.
Blork the orc is heavily wounded.
You hit Blork the orc.
Blork the orc is heavily wounded.
Blork the orc begins to cast a cantrip, but forgets the words!
You barely miss Blork the orc.
Blork the orc is heavily wounded.
Blork the orc hits you with a +0 battleaxe!
* * * LOW HITPOINT WARNING * * *
Unknown command.
Blork the orc casts a spell at you. The puff of frost hits you!
You die...

.. .. .#
###.# # #
#<#.#
#.#.#.#.#.#
#.....#.#.#
#..@..#
#.#...#
#.#$..# #
#.o.# ###K#
.# .. ###


You could see Blork the orc and a kobold.

Vanquished Creatures
  A gnoll (D:3)
  2 adders
  5 orcs (D:3)
  4 endoplasms
  A giant cockroach (D:1)
  4 hobgoblins
  4 jackals (D:1)
  5 kobolds
  3 quokkas
  10 ball pythons
  8 bats
  3 frilled lizards
  2 goblins
  4 rats
56 creatures vanquished.

Notes
Turn   | Place    | Note
-------+----------+-------------------------------------------
     0 | Abyss:1  | lordive the Spriggan Abyssal Knight began the quest for the
                  | Orb.
     0 | Abyss:1  | Reached XP level 1. HP: 11/11 MP: 3/3
    46 | Abyss:1  | Noticed a tentacled starspawn
    61 | Abyss:1  | Noticed a raiju
    64 | D:1      | Escaped the Abyss
   926 | D:1      | Reached XP level 2. HP: 16/16 MP: 4/4
  1566 | D:1      | Reached * piety under Lugonu
  1614 | D:1      | Found a faded altar of an unknown god.
  1721 | D:2      | Reached XP level 3. HP: 17/20 MP: 5/5
  3008 | D:3      | Reached XP level 4. HP: 18/24 MP: 6/6
  3629 | D:3      | Reached skill level 4 in Dodging
  3835 | D:4      | Noticed Blork the orc
  3855 | D:4      | Killed from afar by Blork the orc

Illustrated notes

Levels and vault maps discovered:
D:1:      wander_arrival_desolate, layout_basic, shapermc_ecumenical_altar_venn
D:2:      layout_loops_corners
D:3:      layout_loops_ring, uniq_ijyb
D:4:      layout_basic, minivault_23, uniq_blork_the_orc, uniq_edmund,
          uniq_duvessa

Skill      XL: |  1  2  3  4 |
---------------+-------------+-----
Fighting       | 3 |  3.4
Short Blades   | 3 |  3.2
Dodging        | 4 |  4.0
Stealth        | |  0.9
Invocations    | |  1.8

Action                   |  1- 3 |  4- 6 || total
-------------------------+-------+-------++-------
Melee: Short sword       |   178 |    85 ||   263
       Punch             |     3 |     2 ||     5
Invok: Depart the Abyss  |     1 |       ||     1
 Stab: Sleeping          |     1 |     1 ||     2
Armor: Robe              |    34 |     8 ||    42
Dodge: Dodged            |   174 |    73 ||   247

Table legend: (Time is in decaauts)
 A = Elapsed time spent in this place.
 B = Non-inter-level travel time spent in this place.
 C = Inter-level travel time spent in this place.
 D = Time resting spent in this place.
 E = Time spent auto-exploring this place.
 F = Levels seen in this place.
 G = Mean time per level.
                   A        B        C        D        E       F      G
               +--------+--------+--------+--------+--------+-----+--------+
         Total |   3126 |   3002 |    124 |    724 |   1766 |   5 |  625.2 |
       Dungeon |   3088 |   2964 |    124 |    724 |   1733 |   4 |  772.0 |
         Abyss |     38 |     38 |      0 |      0 |     33 |   1 |   38.0 |
               +--------+--------+--------+--------+--------+-----+--------+

Top non-repeatable levels by time:
     D:1: 1419 daAuts
     D:2: 898 daAuts
     D:3: 580 daAuts
     D:4: 190 daAuts
 Abyss:1: 38 daAuts
